 Dungeon Crawl Stone Soup version 0.31-a0-217-g58bb5d79cf (webtiles) character file.

Game seed: 13423168571418940366

11767 avis the Summoner (level 11, -19/68 HPs)
             Began as a Deep Elf Summoner on July 2, 2023.
             Was an Initiate of Gozag.
             Demolished by a boulder beetle (22 damage)
             ... on level 1 of the Lair of Beasts on July 3, 2023.
             The game lasted 01:46:58 (13018 turns).

avis the Summoner (Deep Elf Summoner)              Turns: 13018, Time: 01:46:58

Health: -19/68     AC:  4    Str:  9    XL:     11   Next: 53%
Magic:  1/27       EV: 16    Int: 25    God:    Gozag
Gold:   654        SH:  0    Dex: 15    Spells: 11/30 levels left

rFire   + + .        a - +10 mace of Watchfulness {speed, rF++ Str+4 Stlth+}
rCold   . . .        (no shield)
rNeg    + . .        G - +0 robe
rPois   .            I - +0 helmet {SInv}
rElec   .            (no cloak)
rCorr   .            (no gloves)
SInv    +            C - +0 pair of boots
Will    +....        (no amulet)
Stlth   +++          y - ring of positive energy
HPRegen 0.31/turn    F - ring of wizardry
MPRegen 0.20/turn

%: wizardry (x1)
@: about to teleport
A: no striking features
a: Renounce Religion, Potion Petition, Call Merchant, Bribe Branch


You were on level 1 of the Lair of Beasts.
You worshipped Gozag.
Gozag was pleased with you.
You visited 3 branches of the dungeon, and saw 11 of its levels.

You collected 1897 gold pieces.
You spent 1162 gold pieces at shops.
You paid 81 gold pieces to Gozag.

Inventory:

Hand Weapons
 a - the +10 mace of Watchfulness (weapon) {speed, rF++ Str+4 Stlth+}
   (You found it on level 6 of the Dungeon)

   Str:       It affects your strength (+4).
   rF:        It greatly protects you from fire.
   Stlth:     It makes you more stealthy.
 b - a +0 orcbow
 w - a +1 flail of protection
 J - the +4 mace of Riazut {freeze, Str+3 Dex+5 Stlth-}
   (You found it on level 9 of the Dungeon)

   Str:       It affects your strength (+3).
   Dex:       It affects your dexterity (+5).
   Stlth:     It makes you less stealthy.
Armour
 C - a +0 pair of boots (worn)
 G - a +0 robe (worn)
 I - a +0 helmet of see invisible (worn)
Jewellery
 m - a ring of fire
 y - a ring of positive energy (left hand)
 B - a ring of willpower
 F - a ring of wizardry (right hand)
 K - an amulet of reflection
 M - a ring of see invisible
Wands
 q - a wand of roots (12)
 r - a wand of paralysis (19)
 H - a wand of flame (9)
Scrolls
 d - 2 scrolls of brand weapon {unknown}
 e - a scroll of vulnerability {unknown}
 f - 3 scrolls of immolation {unknown}
 h - a scroll of fog {unknown}
 i - 2 scrolls of silence {unknown}
 k - 3 scrolls of enchant weapon {unknown}
 n - 10 scrolls of teleportation
 t - 3 scrolls of fear {unknown}
 D - 3 scrolls of enchant armour {unknown}
 E - 2 scrolls of noise {unknown}
 L - 2 scrolls of blinking {unknown}
 N - a scroll of acquirement {unknown}
Potions
 c - 3 potions of heal wounds
 g - a potion of berserk rage
 j - 2 potions of mutation
 l - a potion of brilliance
 o - 5 potions of might
 p - a potion of invisibility
 s - 3 potions of magic
 u - a potion of haste
 v - a potion of resistance {unknown}
 x - 3 potions of curing
 z - 2 potions of lignification {unknown}
 A - a potion of degeneration {unknown}


   Skills:
 * Level 7.8 Fighting
 + Level 8.3 Dodging
 - Level 2.4 Stealth
 + Level 10.1 Spellcasting
 - Level 5.0 Hexes
 * Level 10.7 Summonings
 - Level 4.0 Ice Magic
 - Level 7.0 Air Magic


You had 11 spell levels left.
You knew the following spells:

 Your Spells              Type           Power      Damage    Failure   Level
a - Summon Small Mammal   Summ           100%       N/A       1%          1
c - Call Imp              Summ           100%       N/A       1%          2
d - Call Canine Familiar  Summ           60%        N/A       1%          3
g - Summon Guardian Gole  Hex/Summ       51%        N/A       1%          3
l - Summon Lightning Spi  Summ/Air       54%        N/A       1%          4
o - Ozocubu's Armour      Ice            32%        N/A       1%          3
r - Frozen Ramparts       Ice            64%        1d10      1%          3

Your spell library contained the following spells:

 Spells                   Type           Power      Damage    Failure   Level
 Freeze                   Ice            100%       1d10      1%          1
 Magic Dart               Conj           48%        1d5       1%          1
 Necrotise                Necr           48%        1d6       1%          1
 Tukima's Dance           Hex            37%        N/A       1%          3
 Hailstorm                Conj/Ice       22%        3d7       2%          3
 Mephitic Cloud           Conj/Pois/Air  24%        N/A       2%          3
 Cause Fear               Hex            18%        N/A       2%          4
 Vampiric Draining        Necr           12%        2d6       6%          3
 Passage of Golubria      Tloc           12%        N/A       19%         4
 Yara's Violent Unravell  Hex/Tmut       12%        3d7       19%         5
 Agony                    Necr           12%        N/A       45%         5
 Borgnjor's Vile Clutch   Necr/Erth      6%         N/A       45%         5
 Death Channel            Necr           6%         N/A       95%         6
 Ozocubu's Refrigeration  Ice            16%        4d11      95%         7
 Dragon Form              Tmut           6%         N/A       100%        7
 Dragon's Call            Summ           30%        N/A       100%        9
 Animate Dead             Necr           Unusable   N/A       N/A         4

Dungeon Overview and Level Annotations

Branches:
Dungeon (9/15)             Temple (1/1) D:4            Lair (1/5) D:9
    Orc: D:9-12

Altars:
Ashenzari
Cheibriados
Dithmenos
Elyvilon
Fedhas
Gozag
Hepliaklqana
Kikubaaqudgha
Makhleb
Nemelex Xobeh
Okawaru
Qazlal
Ru
Sif Muna
Trog
Uskayaw
Vehumet
Wu Jian
Xom
Yredelemnul
Zin
The Shining One

Shops:
D:1 ::?[?   D:9 (

Annotations:
D:3 2 transporters, TrollFarmer's ghost, amateur DjFE


Message History

The boulder beetle curls into a ball and begins rolling!
Casting: Summon Lightning Spire (dangerous; 1% risk of failure)
Confirm with . or Enter, or press ? or * to list all spells.
You don't have enough magic to cast this spell.
The boulder beetle misses you.
The boulder beetle stops rolling and uncurls.
Your lightning spire shoots out a bolt of lightning at the boulder beetle!
The bolt of electricity hits the boulder beetle!
The boulder beetle bites your lightning spire but does no damage.
Your lightning spire shoots out a bolt of lightning at the boulder beetle!
The bolt of electricity hits the boulder beetle but does no damage.
The boulder beetle curls into a ball and begins rolling!
The boulder beetle hits your lightning spire.
The boulder beetle stops rolling and uncurls.
The boulder beetle bites your lightning spire!
The boulder beetle bites your lightning spire!!
Your lightning spire shoots out a bolt of lightning at the boulder beetle!
The bolt of electricity hits the boulder beetle!
The boulder beetle bites your lightning spire!
Your lightning spire is destroyed!
Your lightning spire disappears in a puff of smoke!
Casting: Summon Lightning Spire (dangerous; 1% risk of failure)
Confirm with . or Enter, or press ? or * to list all spells.
A guardian golem appears, shielding your allies.
The boulder beetle bites you.
The boulder beetle bites your guardian golem.
There is an open door here.
The boulder beetle curls into a ball and begins rolling!
You close the door.
The boulder beetle hits you!!!
Ouch! That really hurt!
* * * LOW HITPOINT WARNING * * *
The boulder beetle stops rolling and uncurls.
As you read the scroll of teleportation, it crumbles to dust.
You feel strangely unstable. The boulder beetle bites you.
* * * LOW HITPOINT WARNING * * *
The boulder beetle attacks as you move away!
The boulder beetle bites you!!
You die...
Your body crumbles into a pile of gold.

..................#.
...................#
....................
##................
####...####.##.##..
♣.#....####.#####..
♣.##...##.......#..
♣♣.+9B.##......#...
♣♣♣@#○..............
♣..#B9..#........#..
♣.♣♣.#...##......##..
♣. ♣♣#...##########..
♣. ♣##...####..####..
.. ♣.................
.. ♣.................
. ♣..................
♣......#.+.####P...


You could see a boulder beetle (ally target) and a friendly guardian golem
(summoned).

Vanquished Creatures
  Erica (D:8)
  A cane toad (Lair:1)
  A komodo dragon (Lair:1)
  3 blink frogs (Lair:1)
  A wyvern (D:9)
  A yak (D:8)
  A basilisk (D:9)
  3 water moccasins
  A black bear (D:9)
  A sky beast (D:7)
  2 wolves
  3 bullfrogs
  A scorpion (D:9)
  A jelly (D:7)
  A gnoll bouda (D:5)
  An orc priest (D:7)
  A hound (D:7)
  An orc wizard (D:8)
  2 gnolls
  2 adders
  A dart slug (D:2)
  5 orcs
  A ball python (D:3)
  A giant cockroach (D:4)
  A goblin (D:1)
  A hobgoblin (D:3)
  A quokka (D:3)
  2 bats
  7 kobolds
49 creatures vanquished.

Vanquished Creatures (collateral kills)
  Amaemon (D:9)
  An elephant (Lair:1)
  An orange demon (D:9)
  A cane toad (Lair:1)
  A komodo dragon (Lair:1)
  A rime drake (Lair:1)
  A vampire (D:9)
  7 yaks
  4 wyverns
  A basilisk (Lair:1)
  Edmund (D:5)
  Menkaure (D:4)
  3 water moccasins
  2 black bears
  2 ice beasts
  An orc warrior (D:7)
  2 wolves (D:9)
  7 centaurs
  An ogre (D:5)
  A kobold brigand (D:8)
  A bullfrog (Lair:1)
  A gnoll sergeant (D:7)
  4 scorpions
  12 wights
  5 howler monkeys
  5 hounds
  2 orc priests
  An iron imp (D:7)
  3 sleepcaps
  4 iguanas
  9 orc wizards
  13 gnolls
  A river rat (Lair:1)
  5 adders
  2 white imps (D:7)
  2 dart slugs
  16 orcs
  11 endoplasms
  2 giant cockroaches (D:1)
  4 goblins
  3 hobgoblins
  3 jackals (D:4)
  4 kobolds
  4 quokkas
  5 ball pythons
  2 bats
  3 frilled lizards
  5 rats
172 creatures vanquished.

Vanquished Creatures (others)
  An elephant (Lair:1)
  A wyvern (D:9)
  A human (D:3)
  A centaur (D:9)
  3 wights (D:9)
7 creatures vanquished.

Grand Total: 228 creatures vanquished

Notes
Turn   | Place    | Note
-------+----------+-------------------------------------------
     0 | D:1      | avis the Deep Elf Summoner began the quest for the Orb.
     0 | D:1      | Reached XP level 1. HP: 10/10 MP: 6/6
   189 | D:1      | Found Teang's Book Boutique.
   245 | D:1      | Found Daifek's Book Emporium.
   402 | D:1      | Reached XP level 2. HP: 12/14 MP: 5/8
   405 | D:1      | Learned a level 2 spell: Call Imp
   596 | D:1      | Found Goxzat's Magic Scroll Shop.
   649 | D:1      | Found Cidi's Armour Shoppe.
   704 | D:1      | Reached skill level 5 in Summonings
   838 | D:1      | Found Xoag's Magic Scroll Shop.
  1124 | D:2      | Reached XP level 3. HP: 19/19 MP: 5/10
  1153 | D:2      | Learned a level 3 spell: Call Canine Familiar
  1157 | D:2      | Learned a level 3 spell: Summon Guardian Golem
  1497 | D:2      | You fall into a shaft and drop 2 floors!
  1499 | D:4      | Found a bloodstained altar of Trog.
  1553 | D:4      | Reached skill level 1 in Hexes
  1799 | D:2      | Reached XP level 4. HP: 24/24 MP: 12/12
  2460 | D:3      | Found a transporter.
  2484 | D:3      | Found a transporter.
  2489 | D:3      | Noticed TrollFarmer's ghost (amateur DjFE)
  2747 | D:3      | Found an ancient bone altar of Kikubaaqudgha.
  2748 | D:3      | Noticed a human
  2750 | D:3      | Killed a human
  3389 | D:4      | Noticed a scorpion
  3402 | D:4      | Killed a scorpion
  3403 | D:4      | Reached XP level 5. HP: 28/28 MP: 3/14
  3612 | D:4      | Learned a level 4 spell: Summon Lightning Spire
  3644 | D:4      | Found a staircase to the Ecumenical Temple.
  3650 | Temple   | Entered the Ecumenical Temple
  3766 | Temple   | Became a worshipper of Gozag Ym Sagoz the Greedy
  3839 | D:4      | Noticed Menkaure
  3844 | D:4      | Killed Menkaure
  3845 | D:4      | Reached skill level 5 in Spellcasting
  3845 | D:4      | Reached skill level 1 in Air Magic
  3845 | D:4      | Reached XP level 6. HP: 33/33 MP: 2/15
  4126 | D:5      | Entered Level 5 of the Dungeon
  4166 | D:5      | Reached skill level 1 in Fighting
  4294 | D:5      | Noticed a water moccasin
  4301 | D:5      | Killed a water moccasin
  4302 | D:5      | Reached XP level 7. HP: 39/39 MP: 6/17
  4423 | D:5      | Found a radiant altar of Vehumet.
  4460 | D:5      | Noticed Edmund
  4481 | D:5      | Killed Edmund
  5062 | D:6      | Reached XP level 8. HP: 45/45 MP: 3/19
  5181 | D:6      | Found a hazy altar of Hepliaklqana.
  5374 | D:6      | Identified the +10 mace of Watchfulness {speed, rF++ Str+4
                  | Stlth+}
  5394 | D:6      | Found a bloodstained altar of Trog.
  5672 | D:6      | Reached skill level 5 in Hexes
  6147 | D:6      | Reached skill level 5 in Dodging
  6147 | D:6      | Reached XP level 9. HP: 37/52 MP: 9/21
  6330 | D:6      | Reached skill level 5 in Air Magic
  7013 | D:1      | Bought Ozocubu's Autobiography for 312 gold pieces
  7017 | D:1      | Learned a level 3 spell: Ozocubu's Armour
  7021 | D:1      | Learned a level 3 spell: Frozen Ramparts
  7598 | D:7      | Reached skill level 1 in Ice Magic
  7702 | D:7      | Found a basalt altar of Yredelemnul.
  8365 | D:7      | Found a snail-covered altar of Cheibriados.
  8837 | D:7      | Reached skill level 5 in Fighting
  8967 | D:7      | Paralysed by a wight for 4 turns
  9876 | D:8      | Reached XP level 10. HP: 59/59 MP: 10/24
 10115 | D:8      | Found a sacrificial altar of Ru.
 10220 | D:8      | Noticed Erica
 10234 | D:8      | Paralysed by Erica for 3 turns
 10245 | D:8      | Killed Erica
 10719 | D:1      | Bought a book of the Dragon for 460 gold pieces
 10736 | D:1      | Bought Great Wizards, Vol. VII for 390 gold pieces
 11045 | D:9      | Noticed Amaemon
 11045 | D:9      | Noticed an orange demon
 11054 | D:9      | Killed an orange demon
 11072 | D:9      | Killed Amaemon
 11392 | D:9      | Identified the +4 mace of Riazut {freeze, Str+3 Dex+5
                  | Stlth-}
 12000 | D:9      | Found Belor's Antique Weapon Shoppe.
 12033 | D:9      | Reached XP level 11. HP: 64/66 MP: 8/26
 12073 | D:9      | Found a staircase to the Lair.
 12384 | D:9      | Found a hide-covered altar of Uskayaw.
 12519 | Lair:1   | Entered Level 1 of the Lair of Beasts
 12614 | Lair:1   | Noticed a boulder beetle
 12626 | Lair:1   | Reached skill level 10 in Summonings
 12906 | Lair:1   | Reached skill level 10 in Spellcasting
 13017 | Lair:1   | HP: 3/68 [boulder beetle (1)]
 13018 | Lair:1   | Demolished by a boulder beetle

Illustrated notes

Levels and vault maps discovered:
D:1:      dpeg_chamrin_arrival_tetris, layout_loops_ring, serial_shops,
          nicolae_shop_gibbet_a_chance, nicolae_square_shop,
          nicolae_shop_tiny_waterfront, shop, nicolae_shop_real_fake_doors,
          nicolae_concentric_dashed_squares_mild
D:2:      layout_rooms
D:3:      layout_basic, tgw_kikubaaqudgha, gammafunk_ghost_mausoleum,
          corexii_leaking_fountain
D:4:      layout_rooms, trog_book, minmay_temple_entry_hall, uniq_menkaure
D:5:      layout_cave_pools, old_standard_altar, uniq_edmund
D:6:      layout_layer_cave, general_overflow_altar, minmay_ruined_shrine
D:7:      layout_gridville, kennysheep_little_box, slow_altar_1,
          kennysheep_generic_room_8
D:8:      layout_loops_cross, nicolae_ru_the_path_less_chosen, uniq_erica
D:9:      layout_rooms, eat_drink_and_be_merry_uskayaw, minmay_lair_entry_grove,
          serial_shops, shop, uniq_amaemon
Temple:   nicolae_temple_two_arcs
Lair:1:   layout_regular_city, lightli_volcano_entry_magma_tube,
          wad_woods_road_02, st_stairs_8, pond, grunt_megastairs_5,
          serial_bayou_shore_b

Skill      XL: |  1  2  3  4  5  6  7  8  9 10 11 |
---------------+----------------------------------+-----
Summonings     | 5 6 7 8 9 10 | 10.7
Spellcasting   | 4 5 6 7 8 9 10 | 10.1
Hexes          | 1 2 3 4 5 |  5.0
Air Magic      | 1 2 3 4 6 7 |  7.0
Fighting       | 1 2 4 5 6 7 |  7.8
Dodging        | 3 5 6 7 8 |  8.3
Ice Magic      | 2 4 |  4.0
Stealth        | |  2.4

Action                     |  1- 3 |  4- 6 |  7- 9 | 10-12 || total
---------------------------+-------+-------+-------+-------++-------
  Melee: Short sword       |     9 |    16 |       |       ||    25
         Mace              |       |       |    20 |    82 ||   102
         Punch             |       |       |     1 |     2 ||     3
   Fire: Orcbow            |       |     9 |    18 |       ||    27
   Cast: Summon Small Mamm |    18 |     4 |     3 |       ||    25
         Call Imp          |    12 |    12 |     5 |       ||    29
         Call Canine Famil |     8 |    14 |    30 |    16 ||    68
         Summon Guardian G |       |     5 |    15 |    17 ||    37
         Summon Lightning  |       |     4 |    49 |    32 ||    85
         Ozocubu's Armour  |       |       |    16 |    22 ||    38
         Frozen Ramparts   |       |       |    15 |    17 ||    32
  Evoke: Wand              |       |       |     1 |       ||     1
    Use: Scroll            |       |     1 |     7 |     4 ||    12
         Potion            |       |       |       |     1 ||     1
   Stab: Sleeping          |     1 |     4 |     2 |       ||     7
 Armour: Robe              |     3 |     5 |    13 |    21 ||    42
  Dodge: Dodged            |     9 |    19 |    41 |    82 ||   151

Table legend: (Time is in decaauts)
 A = Elapsed time spent in this place.
 B = Non-inter-level travel time spent in this place.
 C = Inter-level travel time spent in this place.
 D = Time resting spent in this place.
 E = Time spent auto-exploring this place.
 F = Levels seen in this place.
 G = Mean time per level.
                   A        B        C        D        E       F      G
               +--------+--------+--------+--------+--------+-----+--------+
         Total |  13039 |  11655 |   1384 |   3317 |   4916 |  11 | 1185.4 |
       Dungeon |  12402 |  11021 |   1381 |   3303 |   4817 |   9 | 1378.0 |
        Temple |    140 |    137 |      3 |      0 |     99 |   1 |  140.0 |
          Lair |    496 |    496 |      0 |     14 |      0 |   1 |  496.0 |
               +--------+--------+--------+--------+--------+-----+--------+

Top non-repeatable levels by time:
     D:6: 2347 daAuts
     D:7: 1918 daAuts
     D:8: 1451 daAuts
     D:1: 1323 daAuts
     D:9: 1306 daAuts
     D:3: 1262 daAuts
     D:4: 1038 daAuts
     D:5: 895 daAuts
     D:2: 858 daAuts
  Lair:1: 496 daAuts
  Temple: 140 daAuts
